 Dungeon Crawl Stone Soup version 0.19.4-8-ga85b6b9 (webtiles) character file.

9438 Naow the Thaumaturge (level 11, 0/54 HPs)
             Began as a Deep Elf Conjurer on Feb 13, 2017.
             Was a Priest of Vehumet.
             Slain by a killer bee (2 damage)
             ... on level 10 of the Dungeon.
             The game lasted 00:23:24 (15267 turns).

Naow the Thaumaturge (Deep Elf Conjurer)           Turns: 15267, Time: 00:23:25

Health: 0/54       AC:  7    Str:  5    XL:     11   Next: 23%
Magic:  29/38      EV: 16    Int: 24    God:    Vehumet [***...]
Gold:   584        SH:  0    Dex: 15    Spells: 7 memorised, 14 levels left

rFire  . . .     SeeInvis .     M - +4 dagger
rCold  . . .     Gourm    .     N - +1 robe {MR+}
rNeg   . . .     Faith    .     (no shield)
rPois  .         Spirit   .     U - +2 hat
rElec  .         Reflect  .     C - +0 cloak
rCorr  .         Harm     .     p - +0 pair of gloves
MR     ++...                    (no boots)
Stlth  ++........               (no amulet)
                                A - ring of magical power
                                g - +3 ring of evasion

@: lethally poisoned (0 -> -14)
A: no striking features
a: Renounce Religion


You were on level 10 of the Dungeon.
You worshipped Vehumet.
Vehumet was most pleased with you.
You were not hungry.

You visited 2 branches of the dungeon, and saw 12 of its levels.

You collected 584 gold pieces.

Inventory:

Hand Weapons
 M - a +4 dagger (weapon)
Armour
 p - a +0 pair of gloves (worn)
 x - a +2 robe of cold resistance
 C - a +0 cloak (worn)
 N - a +1 robe of magic resistance (worn)
 U - a +2 hat (worn)
Magical Staves
 B - an uncursed staff of cold
Jewellery
 g - a +3 ring of evasion (left hand)
 q - an uncursed ring of protection from fire
 u - an uncursed ring of stealth
 A - a ring of magical power (right hand)
 E - an uncursed ring of protection from cold
 J - a +2 ring of dexterity
Wands
 a - a wand of confusion (24/48)
 o - a wand of iceblast (11/15)
 s - a wand of lightning (6/15)
 O - a wand of acid (13/15)
Scrolls
 f - a scroll of magic mapping
 i - a scroll of noise
 j - 4 scrolls of teleportation
 l - a scroll of amnesia
 t - 8 scrolls of identify
 w - a scroll of vulnerability {unknown}
 y - a scroll of enchant armour {unknown}
 D - 2 scrolls of random uselessness
 G - a scroll of remove curse
 P - 2 scrolls of recharging
Potions
 d - a potion of resistance {unknown}
 e - a potion of might {unknown}
 h - 3 potions of curing
 k - a potion of brilliance {unknown}
 r - 4 potions of heal wounds
 v - a potion of magic {unknown}
 z - a potion of flight {unknown}
 F - 3 potions of agility {unknown}
 I - 2 potions of cancellation {unknown}
 Q - a potion of haste {unknown}
 R - 2 potions of berserk rage {unknown}
 S - a potion of invisibility
Books
 b - a book of Conjurations

   Spells                             Type                      Level
   a - Magic Dart                     Conjuration                  1
   b - Searing Ray                    Conjuration                  2
   c - Dazzling Spray                 Conjuration/Hexes            3
   d - Fulminant Prism                Conjuration/Hexes            4
   e - Iskenderun's Mystic Blast      Conjuration                  4
   f - Iskenderun's Battlesphere      Conjuration/Charms           5
 H - a book of Callings

   Spells                             Type                      Level
   a - Summon Small Mammal            Summoning                    1
   b - Call Imp                       Summoning                    2
   c - Call Canine Familiar           Summoning                    3
   d - Summon Guardian Golem          Hexes/Summoning              3
   e - Summon Lightning Spire         Summoning/Air                4
   f - Summon Ice Beast               Ice/Summoning                4
Comestibles
 c - 13 bread rations
 m - 4 beef jerkies
 n - 6 meat rations
 K - 2 chunks of flesh


   Skills:
 - Level 2.4 Dodging
 - Level 2.4 Stealth
 + Level 12.7 Spellcasting
 + Level 12.5 Conjurations
 + Level 10.7 Hexes
 - Level 7.0 Charms


You had 14 spell levels left.
You knew the following spells:

 Your Spells              Type           Power        Failure   Level  Hunger
a - Magic Dart            Conj           ####         1%          1    None
b - Searing Ray           Conj           ######       1%          2    None
c - Iskenderun's Battles  Conj/Chrm      ######..     1%          5    ###....
d - Iskenderun's Mystic   Conj           ######..     1%          4    None
e - Fulminant Prism       Conj/Hex       ######....   1%          4    None
f - Call Imp              Summ           ###.....     8%          2    None
g - Conjure Flame         Conj/Fire      #####...     1%          3    None


Dungeon Overview and Level Annotations

Branches:
Dungeon (11/15)            Temple (1/1) D:4            Lair (0/6) D:9
    Orc: D:9-12

Altars:
Ashenzari
Cheibriados
Dithmenos
Elyvilon
Fedhas
Gozag
Hepliaklqana
Kikubaaqudgha
Makhleb
Nemelex Xobeh
Okawaru
Qazlal
Ru
Sif Muna
Trog
Uskayaw
Vehumet
Xom
Yredelemnul
Zin
The Shining One

Shops:
D:5 =   D:10 !

Annotations:
D:11 sheala's ghost, novice HOFE


Message History

The killer bee poisons you!
* * * LOW HITPOINT WARNING * * *
You feel sick. The killer bee stings you!
* * * LOW HITPOINT WARNING * * *
There is an escape hatch in the ceiling, spattered with blood here.
* * * LOW HITPOINT WARNING * * *
You feel sick. The killer bee closely misses you. x2
A mysterious force pulls you upwards. The hatch slams shut behind you.
* * * LOW HITPOINT WARNING * * *
You feel sick.
Casting: Fulminant Prism
Confirm with . or Enter, or press ? or * to list all spells.
Aiming: Iskenderun's Mystic Blast
Press: ? - help, Shift-Dir - straight line, f - killer bee
Aim: a killer bee The orb of energy misses the killer bee.
The orb of energy explodes!
* * * LOW HITPOINT WARNING * * *
You feel sick. The killer bee stings you.
You die...

#.###### #.##.... ##.##.### #####
###...#.# ######
#...#####.......# .....#
#..>.)....#...### ####.#
####...########.## ##.#
#....y...# #.# #..# #.###@##.#
#.# #.## #.# #.##.# ##'## #.#
#.###.##.# ##...## # ##.#
#.#...##.# ##.....## # ##..#
#.#.#.##.###.......###
#...########.#....#.##...>.....##
.....................'.........'.
#...##########....####.........##
##..# #.#.## ##.......###


You could see a killer bee.

Vanquished Creatures
  Fannar (D:10)
  2 ugly things
  A centaur zombie (D:10)
  2 centaur skeletons (D:10)
  2 komodo dragons
  A troll (D:10)
  A merfolk (D:10)
  Prince Ribbit (D:8)
  A hippogriff (D:9)
  Sigmund (D:4)
  A shadow (D:8)
  A wraith (D:10)
  A wyvern (D:7)
  3 yaks (D:9)
  The ghost of Naow the Conjurer, an amateur DECj (D:4)
  7 orc warriors
  2 ice beasts (D:9)
  A black bear (D:9)
  A sky beast (D:9)
  3 ogres
  2 phantoms
  A centaur (D:9)
  A crocodile (D:9)
  A big kobold (D:4)
  4 bullfrogs
  2 gnoll sergeants
  2 scorpions
  7 killer bees
  9 wights (D:8)
  4 howler monkeys
  6 crimson imps
  2 bullfrog zombies
  A quasit (D:8)
  4 hounds
  3 jellies
  Crazy Yiuf (D:5)
  A bullfrog skeleton (D:6)
  7 orc priests
  10 orc wizards
  5 iguanas
  8 worker ants
  A worker ant zombie (D:5)
  Robin (D:4)
  6 gnolls
  A howler monkey skeleton (D:5)
  11 adders
  6 shadow imps
  3 oozes
  An adder skeleton (D:8)
  2 dart slugs
  10 leopard geckos
  35 orcs
  7 giant cockroaches
  11 hobgoblins
  11 jackals
  A quokka (D:6)
  5 bats
  8 frilled lizards
  14 goblins
  11 kobolds
  2 leopard gecko skeletons
  A quokka zombie (D:6)
  7 rats
270 creatures vanquished.

Vanquished Creatures (others)
  4 fulminant prisms
4 creatures vanquished.

Grand Total: 274 creatures vanquished

Notes
Turn   | Place    | Note
-------+----------+-------------------------------------------
     0 | D:1      | Naow the Deep Elf Conjurer began the quest for the Orb.
     0 | D:1      | Reached XP level 1. HP: 10/10 MP: 6/6
     2 | D:1      | Noticed a minotaur
     2 | D:1      | Noticed a formicid
     6 | D:1      | Noticed a human
     6 | D:1      | Noticed an octopode
     8 | D:1      | Noticed a vampire
     8 | D:1      | Noticed a demonspawn
    10 | D:1      | Noticed a tengu
    10 | D:1      | Noticed a draconian
    12 | D:1      | Noticed a felid
    12 | D:1      | Noticed a centaur
    15 | D:1      | Noticed an ogre
    15 | D:1      | Noticed a demigod
    17 | D:1      | Noticed a vine stalker
    19 | D:1      | Noticed a ghoul
    19 | D:1      | Noticed an elf
    21 | D:1      | Noticed a halfling
    23 | D:1      | Noticed a troll
    23 | D:1      | Noticed a merfolk
    25 | D:1      | Noticed a spriggan
    25 | D:1      | Noticed a gargoyle
    27 | D:1      | Noticed a naga
    27 | D:1      | Noticed a dwarf
   187 | D:1      | Reached XP level 2. HP: 15/15 MP: 0/8
   846 | D:1      | Reached skill level 5 in Conjurations
  1404 | D:2      | Reached XP level 3. HP: 19/19 MP: 3/10
  2591 | D:3      | Reached XP level 4. HP: 24/24 MP: 8/12
  2846 | D:3      | Noticed an ogre
  3096 | D:4      | Learned a level 2 spell: Searing Ray
  3118 | D:4      | Noticed Naow's ghost (amateur DECj)
  3126 | D:4      | Killed Naow's ghost
  3126 | D:4      | Reached skill level 5 in Spellcasting
  3126 | D:4      | Reached XP level 5. HP: 12/28 MP: 3/14
  3369 | D:4      | Noticed a phantom
  3380 | D:4      | Killed a phantom
  3380 | D:4      | Reached XP level 6. HP: 24/32 MP: 4/16
  3662 | D:4      | Noticed Robin
  4181 | D:3      | Reached XP level 7. HP: 36/36 MP: 9/18
  4913 | D:4      | Found a staircase to the Ecumenical Temple.
  4996 | Temple   | Entered the Ecumenical Temple
  5227 | Temple   | Became a worshipper of Vehumet
  5282 | D:4      | Killed Robin
  5533 | D:4      | Noticed Sigmund
  5540 | D:4      | Killed Sigmund
  5613 | D:4      | Reached XP level 8. HP: 41/41 MP: 12/20
  5788 | D:5      | Entered Level 5 of the Dungeon
  5799 | D:5      | Found Xauc Lep's Jewellery Shop.
  5944 | D:5      | You fall through a shaft for 3 floors!
  6038 | D:8      | Learned a level 5 spell: Iskenderun's Battlesphere
  6043 | D:8      | Learned a level 4 spell: Iskenderun's Mystic Blast
  6048 | D:8      | Learned a level 4 spell: Fulminant Prism
  6093 | D:8      | Reached skill level 1 in Charms
  6459 | D:5      | Found a radiant altar of Vehumet.
  6512 | D:5      | Reached skill level 5 in Charms
  7062 | D:5      | Found a runed door.
  7611 | D:5      | Noticed Crazy Yiuf
  7614 | D:5      | Killed Crazy Yiuf
  7843 | D:6      | Reached skill level 1 in Hexes
  8945 | D:7      | Reached skill level 10 in Conjurations
  9124 | D:7      | Reached XP level 9. HP: 45/45 MP: 23/23
  9134 | D:7      | Reached * piety under Vehumet
  9134 | D:7      | Offered knowledge of Sandblast by Vehumet.
  9724 | D:8      | Reached skill level 5 in Hexes
  9928 | D:8      | Noticed Prince Ribbit
  9939 | D:8      | Killed Prince Ribbit
 10187 | D:8      | Reached ** piety under Vehumet
 10187 | D:8      | Offered knowledge of Shock by Vehumet.
 10456 | D:8      | Reached skill level 10 in Spellcasting
 10871 | D:8      | Noticed a cyan ugly thing
 10878 | D:8      | Killed a cyan ugly thing
 10878 | D:8      | Reached XP level 10. HP: 50/50 MP: 13/26
 11477 | D:9      | Found a staircase to the Lair.
 11889 | D:9      | Noticed a green ugly thing
 11894 | D:9      | Killed a green ugly thing
 11894 | D:9      | Offered knowledge of Stone Arrow by Vehumet.
 12377 | D:9      | Reached *** piety under Vehumet
 12751 | D:10     | Entered Level 10 of the Dungeon
 13386 | D:10     | Offered knowledge of Conjure Flame by Vehumet.
 13431 | D:10     | Reached skill level 10 in Hexes
 13611 | D:10     | Found Isoogur's Distillery.
 13884 | D:10     | Reached XP level 11. HP: 49/54 MP: 29/29
 14531 | D:10     | Noticed Fannar
 14541 | D:10     | Killed Fannar
 15125 | D:10     | Learned a level 2 spell: Call Imp
 15129 | D:10     | Learned a level 3 spell: Conjure Flame
 15245 | D:11     | Noticed sheala's ghost (novice HOFE)
 15267 | D:10     | HP: 2/54 [poisoned by a killer bee]
 15267 | D:10     | Slain by a killer bee

Skill      XL: |  1  2  3  4  5  6  7  8  9 10 |
---------------+-------------------------------+-----
Conjurations   | 5 6 7 8 9 10 11 12 | 12.5
Spellcasting   | 4 5 6 7 8 10 12 | 12.7
Charms         | 7 |  7.0
Hexes          | 3 7 10 | 10.7
Dodging        | |  2.4
Stealth        | |  2.4

Action                   |  1- 3 |  4- 6 |  7- 9 | 10-12 || total
-------------------------+-------+-------+-------+-------++-------
Melee: Unarmed           |     8 |       |       |       ||     8
 Cast: Magic Dart        |    90 |   105 |   273 |   181 ||   649
       Searing Ray       |       |     7 |    42 |    19 ||    68
       Iskenderun's Myst |       |       |    11 |    27 ||    38
       Iskenderun's Batt |       |       |    12 |    18 ||    30
       Fulminant Prism   |       |       |     1 |     3 ||     4
  Use: Scroll            |       |       |       |    13 ||    13
  Eat: Chunk             |     5 |     5 |    20 |    10 ||    40
       Beef jerky        |       |       |     1 |       ||     1
       Meat ration       |       |       |       |     1 ||     1
       Pizza             |       |       |       |     1 ||     1
Armor: Robe              |     4 |     1 |    13 |    14 ||    32
Dodge: Dodged            |    11 |    25 |    71 |    63 ||   170
